 Dungeon Crawl Stone Soup version 0.29-a0-297-g7659ce593d (webtiles) character file.

Game seed: 2799752266562659992

34 Essalna the Magician (level 3, -5/28 HPs)
             Began as a Djinni Conjurer on Mar 21, 2022.
             Slain by a goblin
             ... wielding a +2 dagger of venom
             ... led by Robin
              (6 damage)
             ... on level 3 of the Dungeon.
             The game lasted 00:02:16 (1910 turns).

Essalna the Magician (Djinni Conjurer)              Turns: 1910, Time: 00:02:17

Health: -5/28      AC:  4    Str:  6    XL:     3   Next: 50%
Gold:   55         EV: 12    Int: 21    God:
                   SH:  0    Dex: 11

rFire   + + +      SeeInvis .   c - +0 dagger
rCold   . . .      Faith    .   (no shield)
rNeg    . . .      Spirit   .   a - +0 robe
rPois   ∞          Reflect  .   d - +1 helmet
rElec   .          Harm     .   b - scarf {rC+ rF+}
rCorr   .          Rampage  .   (no gloves)
Will    .....                   (boots unavailable)
Stlth   ++........              (no amulet)
HPRegen 0.09/turn               (no ring)
MPRegen 0.00/turn               (no ring)

@: brilliant, attractive, flying
A: sickness immunity, fire resistance 2, cold vulnerability 1, float, innate
caster, HP casting, extra vitality 1
a: no special abilities


You were on level 3 of the Dungeon.
You visited 1 branch of the dungeon, and saw 3 of its levels.

You collected 55 gold pieces.

Inventory:

Hand Weapons
 c - a +0 dagger (weapon)
Armour
 a - a +0 robe (worn)
 b - a scarf of resistance (worn)
 d - a +1 helmet (worn)
Scrolls
 e - a scroll of amnesia {unknown}
 g - a scroll of brand weapon {unknown}
 h - a scroll of identify {unknown}


   Skills:
 + Level 1.9 Fighting
 - Level 2.1 Dodging
 - Level 1.5 Stealth
 + Level 3.6 Spellcasting


You couldn't memorise any spells.
You knew the following spells:

 Your Spells              Type           Power      Damage    Failure   Level
a - Magic Dart            Conj           100%       1d8       2%          1
b - Searing Ray           Conj           58%        2d6       4%          2
c - Dazzling Flash        Conj/Hex       58%        N/A       9%          3
d - Fulminant Prism       Conj/Hex       14%        3d9       26%         4
e - Iskenderun's Mystic   Conj/Tloc      29%        2d7       26%         4
f - Freeze                Ice            100%       1d11      2%          1
Your spell library was empty.

Dungeon Overview and Level Annotations

Branches:
Dungeon (3/15)

Altars:

Annotations:
D:2 Robin


Innate Abilities, Weirdness & Mutations

You are immune to sickness and miasma.
You are immune to poison.
Your flesh is very heat resistant. (rF++)
You are vulnerable to cold. (rC-)
You float through the air rather than walking.
You learn spells naturally, not from books.
Your magical power is your life essence.
You have superior vitality. (+4 MHP)


Message History

There is a stone staircase leading down here.
Robin roars a battlecry!
The goblin closely misses you.
You fly downwards.
There is a stone staircase leading up here.
Casting: Magic Dart (safe; 2% risk of failure)
Confirm with . or Enter, or press ? or * to list all spells.
Aiming: Magic Dart (safe; 2% risk of failure)
Press: ? - help, Shift-Dir - straight line, f - goblin
Aim: a goblin, wielding a +2 dagger of venom (strong, 100% to hit)
The magic dart hits the goblin.
The goblin is moderately wounded.
* * * LOW HITPOINT WARNING * * *
The goblin hits you with a +2 dagger of venom.
* * * LOW HITPOINT WARNING * * *
Casting: Magic Dart (safe; 2% risk of failure)
Confirm with . or Enter, or press ? or * to list all spells.
Aiming: Magic Dart (safe; 2% risk of failure)
Press: ? - help, Shift-Dir - straight line, f/p - goblin
Aim: a goblin, wielding a +2 dagger of venom (moderately wounded, strong, 100% to hit)
The magic dart hits the goblin.
The goblin is heavily wounded.
* * * LOW HITPOINT WARNING * * *
The goblin shouts!
The goblin closely misses you.
Casting: Magic Dart (safe; 2% risk of failure)
Confirm with . or Enter, or press ? or * to list all spells.
You don't have enough health to cast this spell.
Unknown command.
Casting: Magic Dart (safe; 2% risk of failure)
Confirm with . or Enter, or press ? or * to list all spells.
You don't have enough health to cast this spell.
Unknown command.
It was a potion of brilliance.
You feel clever all of a sudden. The goblin closely misses you.
The goblin misses you.
It was a potion of attraction.
You feel attractive to monsters.
The goblin hits you with a +2 dagger of venom.
You die...

####
#..
#g#
#@#
#.g#
##+#


You could see 2 goblins.

Vanquished Creatures
  2 ball pythons
  3 endoplasms (D:1)
  7 goblins
  5 hobgoblins
  2 jackals (D:1)
  3 quokkas
  3 bats (D:1)
  A frilled lizard (D:2)
  2 kobolds
28 creatures vanquished.

Vanquished Creatures (others)
  2 fungi (D:1)
  2 plants (D:1)
4 creatures vanquished.

Grand Total: 32 creatures vanquished

Notes
Turn   | Place    | Note
-------+----------+-------------------------------------------
     0 | D:1      | Essalna the Djinni Conjurer began the quest for the Orb.
     0 | D:1      | Reached XP level 1. HP: 15/15 MP: 0/0
   373 | D:1      | Reached skill level 1 in Fighting
   373 | D:1      | Reached XP level 2. HP: 18/22 MP: 0/0
  1300 | D:1      | Reached XP level 3. HP: 25/27 MP: 0/0
  1300 | D:1      | Learned a level 1 spell: Freeze
  1552 | D:1      | Found a faded altar of an unknown god.
  1874 | D:2      | Noticed Robin
  1910 | D:3      | Slain by a goblin

Illustrated notes

Levels and vault maps discovered:
D:1:      mrwooster_arrival_arrow, layout_basic,
          shapermc_ecumenical_altar_mp_urbaneastern, grunt_decor_clamped,
          minmay_misc_feat_iff
D:2:      cheibrodos_greedy_goblins, layout_basic, minmay_misc_feat_pillars,
          uniq_crazy_yiuf_cottage, uniq_jessica, uniq_robin
D:3:      layout_loops_ring, serial_rivers, chequers_serial_rivers_small_a,
          chequers_serial_rivers_room_a, chequers_serial_rivers_small_3,
          chequers_serial_rivers_large_a, chequers_serial_rivers_small_3,
          chequers_serial_rivers_room_a, minmay_liquid_box

Skill      XL: |  1 |
---------------+----+-----
Fighting       | 1 |  1.9
Dodging        | |  2.1
Stealth        | |  1.5
Spellcasting   | |  3.6

Action                   || total
-------------------------++-------
Melee: Dagger            ||    15
 Cast: Magic Dart        ||    53
  Use: Potion            ||     2
Armor: Robe              ||     4
Dodge: Dodged            ||    19

Table legend: (Time is in decaauts)
 A = Elapsed time spent in this place.
 B = Non-inter-level travel time spent in this place.
 C = Inter-level travel time spent in this place.
 D = Time resting spent in this place.
 E = Time spent auto-exploring this place.
 F = Levels seen in this place.
 G = Mean time per level.
                   A        B        C        D        E       F      G
               +--------+--------+--------+--------+--------+-----+--------+
         Total |   1909 |   1883 |     26 |      0 |   1672 |   3 |  636.3 |
       Dungeon |   1909 |   1883 |     26 |      0 |   1672 |   3 |  636.3 |
               +--------+--------+--------+--------+--------+-----+--------+

Top non-repeatable levels by time:
     D:1: 1587 daAuts
     D:2: 317 daAuts
     D:3: 3 daAuts
